 Dungeon Crawl Stone Soup version 0.18-a0-1311-g779ca93 (webtiles) character file.

59 kae the Slasher (level 3, 0/31 HPs)
             Began as a Minotaur Fighter on Feb 13, 2016.
             Slain by a slave (1 damage)
             ... led by Pikel
             ... on level 3 of the Dungeon.
             The game lasted 00:02:30 (1815 turns).

kae the Slasher (Minotaur Fighter)                  Turns: 1815, Time: 00:02:30

Health: 0/31       AC:  6    Str: 20    XL:     3   Next: 78%
Magic:  2/2        EV:  7    Int:  6    God:
Gold:   206        SH:  9    Dex:  9    Spells: 0 memorised, 2 levels left

rFire  . . .     SeeInvis .     a - +0 long sword
rCold  . . .     Gourm    .     b - +0 scale mail
rNeg   . . .     Faith    .     c - +0 shield
rPois  +         Spirit   .     (helmet restricted)
rElec  .         Dismiss  .     (no cloak)
rCorr  .         Reflect  .     (no gloves)
SustAt +         Harm     .     (no boots)
MR     .....                    l - amulet of rage
Stlth  ..........               o - ring of poison resistance
                                e - ring of sustain attributes

@: not resistant to hostile enchantments, extremely unstealthy
A: retaliatory headbutt, horns 2
a: Evoke Berserk Rage


You were on level 3 of the Dungeon.
You were very hungry.

You visited 1 branch of the dungeon, and saw 4 of its levels.

You collected 206 gold pieces.

Inventory:

Hand Weapons
 a - a +0 long sword (weapon)
Armour
 b - a +0 scale mail (worn)
 c - a +0 shield (worn)
Jewellery
 e - a ring of sustain attributes (left hand)
 l - an amulet of rage (around neck)
 o - a ring of poison resistance (right hand)
Scrolls
 k - 3 scrolls of remove curse
 n - a scroll of immolation
 r - a scroll of recharging {unknown}
Potions
 d - 3 potions of might
 g - 5 potions of curing {unknown}
 h - 3 potions of agility {unknown}
 i - 2 potions of resistance {unknown}
 m - a potion of flight {unknown}
 p - a potion of heal wounds {unknown}
Comestibles
 f - 3 bread rations
 q - a meat ration


   Skills:
 - Level 3.6 Fighting
 + Level 5.0 Long Blades
 - Level 3.6 Armour
 - Level 3.6 Shields


You had 2 spell levels left.
You didn't know any spells.

Dungeon Overview and Level Annotations

Branches:
Dungeon (4/15)
 Temple: D:4-7

Altars:
Fedhas
Zin

Annotations:
D:4 Pikel


Innate Abilities, Weirdness & Mutations

You reflexively headbutt those who attack you in melee.
You have a pair of horns on your head.


Message History

You block the slave's attack.
You slash the slave!
The slave is heavily wounded.
You block the slave's attack.
You closely miss the slave.
You headbutt the slave, but do no damage.
The slave is heavily wounded.
The slave hits you.
* * * LOW HITPOINT WARNING * * *
You are too injured to fight recklessly!
You are too injured to fight recklessly!
You slash the slave!
The slave is almost dead.
The slave hits you!
* * * LOW HITPOINT WARNING * * *
You block the slave's attack.
You barely miss the slave.
The slave is almost dead.
The slave hits you.
You die...

.#......[....................#
.#######.####..#.............#
.............#.#.............#
#######......#...............#
#......##..............#
#######......##..............####
......#......##....(.............
#####.#......##p.............####
#.#########.@####.#########.. #.#
#### #.# #.# #.# #.# #.# #.# #.#
#.# #.# #.# #.# #.# #.# #.# #.#
#.# #.# #.# #.# #.# #.# #.# #.#


You could see a slave.

Vanquished Creatures
  2 worms
  A giant gecko (D:1)
  An orc (D:3)
  10 bats
  3 giant cockroaches
  5 goblins
  9 hobgoblins
  5 kobolds
  A quokka (D:2)
  4 giant newts
  9 rats
50 creatures vanquished.

Notes
Turn   | Place    | Note
--------------------------------------------------------------
     0 | D:1      | kae the Minotaur Fighter began the quest for the Orb.
     0 | D:1      | Reached XP level 1. HP: 19/19 MP: 0/0
   134 | D:1      | Reached XP level 2. HP: 23/26 MP: 1/1
   349 | D:1      | Reached skill level 4 in Long Blades
   538 | D:2      | You fall through a shaft for 2 floors!
   545 | D:4      | Found a blossoming altar of Fedhas.
   586 | D:3      | Reached XP level 3. HP: 31/31 MP: 2/2
   827 | D:2      | Found a glowing silver altar of Zin.
  1491 | D:3      | Reached skill level 5 in Long Blades
  1789 | D:4      | Noticed Pikel
  1789 | D:4      | Noticed a slave
  1789 | D:4      | Noticed a slave
  1790 | D:4      | Noticed a slave
  1790 | D:4      | Noticed a slave
  1814 | D:3      | HP: 1/31 [slave[Pikel] (8)]
  1815 | D:3      | Slain by a slave

Vault maps used:
D:1:      scummos_arrival_forest
D:2:      old_standard_altar, first_bread
D:4:      nicolae_overflow_crystal_walls, lemuel_coloured_pillars_altar,
          uniq_blork_the_orc, uniq_pikel, uniq_eustachio

Action                   || total
-------------------------++-------
Melee: Long sword        ||   149
  Use: Scroll            ||     4
  Eat: Chunk             ||     2
